 Dungeon Crawl Stone Soup version 0.23.2-1-ga50397a6bc (webtiles) character file.

Game seed: 15789833854402935834

417 Mrkan the Cudgeler (level 6, -5/56 HPs)
             Began as a Minotaur Berserker on May 17, 2019.
             Was a Priest of Trog.
             Slain by a worker ant (6 damage)
             ... on level 4 of the Dungeon.
             The game lasted 00:09:07 (2630 turns).

Mrkan the Cudgeler (Minotaur Berserker)             Turns: 2630, Time: 00:09:07

Health: -5/56      AC:  9    Str: 22    XL:     6   Next: 61%
Magic:  5/5        EV:  8    Int:  5    God:    Trog [***...]
Gold:   123        SH:  0    Dex: 10    Spells: 5/5 levels left

rFire    . . .     SeeInvis .   j - +0 flail
rCold    . . .     Gourm    .   (no shield)
rNeg     . . .     Faith    .   o - +0 chain mail
rPois    .         Spirit   .   (helmet restricted)
rElec    .         Reflect  .   (no cloak)
rCorr    .         Harm     .   (no gloves)
MR       .....                  (no boots)
Stlth    ..........             (no amulet)
HPRegen  0.18/turn              (no ring)
MPRegen  0.09/turn              (no ring)

@: no status effects
A: retaliatory headbutt, horns 2
a: Berserk, Trog's Hand, Renounce Religion


You were on level 4 of the Dungeon.
You worshipped Trog.
Trog was most pleased with you.
You were hungry.

You visited 1 branch of the dungeon, and saw 4 of its levels.

You collected 123 gold pieces.

Inventory:

Hand Weapons
 a - a +0 mace
 j - a +0 flail (weapon)
Armour
 o - a +0 chain mail (worn)
Scrolls
 d - 2 scrolls of fear {unknown}
 e - 10 scrolls of identify {unknown}
 g - a scroll of remove curse {unknown}
 h - 2 scrolls of teleportation {unknown}
 m - 2 scrolls of enchant weapon {unknown}
 n - a scroll of fog {unknown}
Potions
 f - a potion of ambrosia {unknown}
 k - a potion of agility {unknown}
 l - a potion of mutation {unknown}
Comestibles
 c - 7 rations


   Skills:
 + Level 5.4 Fighting
 * Level 6.9 Maces & Flails
 + Level 4.7 Armour
 - Level 2.1 Dodging


You had 5 spell levels left.
You didn't know any spells.
Your spell library was empty.

Dungeon Overview and Level Annotations

Branches:
Dungeon (4/15)
 Temple: D:4-7

Altars:
Makhleb


Innate Abilities, Weirdness & Mutations

You reflexively headbutt those who attack you in melee.
You have a pair of horns on your head.


Message History

An orc comes into view. It is wielding a +0 short sword.
The ogre closely misses you. You furiously retaliate!
You headbutt the ogre.
You feel better.
The orc shouts!
The worker ant bites you.
* * * LOW HITPOINT WARNING * * *
The worker ant closely misses you. You furiously retaliate!
You headbutt the worker ant. You barely miss the worker ant.
The worker ant is lightly wounded.
The worker ant bites you.
* * * LOW HITPOINT WARNING * * *
You hit the worker ant.
The worker ant is moderately wounded.
The worker ant bites you.
* * * LOW HITPOINT WARNING * * *
You barely miss the worker ant. You headbutt the worker ant!
The worker ant is severely wounded.
The worker ant bites you.
You die...

#### .
#########..###.
#....#.##._.#.#
######.[..†.........
##..##..#.###....##o.
#....#O.####...<.#...
#...@aoo.#.#.....o..#
###..##..o..........#
#.####............#
### ##....#.......
#....##.#....
##.....##....
#.....#.....
##........
##........#


You could see an ogre, a worker ant, an orc wizard and 2 orcs.

Vanquished Creatures
  A phantom (D:4)
  A centaur (D:3)
  A hound (D:4)
  A worker ant (D:4)
  8 adders
  4 worms (D:2)
  2 dart slugs (D:1)
  3 leopard geckos
  12 orcs
  8 bats
  5 giant cockroaches
  4 goblins
  10 hobgoblins
  7 jackals
  9 kobolds
  A quokka (D:4)
  2 ball pythons (D:1)
  5 frilled lizards
  11 rats
95 creatures vanquished.

Notes
Turn   | Place    | Note
-------+----------+-------------------------------------------
     0 | D:1      | Mrkan the Minotaur Berserker began the quest for the Orb.
     0 | D:1      | Reached XP level 1. HP: 19/19 MP: 0/0
   131 | D:1      | Reached skill level 4 in Maces & Flails
   206 | D:1      | Reached XP level 2. HP: 27/27 MP: 1/1
   645 | D:1      | Reached XP level 3. HP: 20/33 MP: 2/2
   665 | D:1      | Reached ** piety under Trog
   922 | D:2      | HP: 1/33 [poisoned by an adder]
   962 | D:2      | Reached XP level 4. HP: 36/41 MP: 3/3
  1012 | D:2      | Reached skill level 5 in Maces & Flails
  1105 | D:2      | HP: 2/41 [poisoned by an adder]
  1350 | D:2      | Found a faded altar of an unknown god.
  1627 | D:3      | Noticed a centaur
  1634 | D:3      | Killed a centaur
  1634 | D:3      | Reached XP level 5. HP: 17/47 MP: 4/4
  1859 | D:3      | Reached skill level 6 in Maces & Flails
  1903 | D:3      | Reached *** piety under Trog
  1905 | D:3      | Reached skill level 5 in Fighting
  2249 | D:3      | Received a gift from Trog
  2249 | D:3      | Reached XP level 6. HP: 40/56 MP: 5/5
  2552 | D:4      | Found a burning altar of Makhleb.
  2623 | D:4      | HP: 1/56 [orc/tomahawk (3)]
  2629 | D:4      | HP: 1/56 [worker ant (5)]
  2630 | D:4      | Slain by a worker ant

Skill      XL: |  1  2  3  4  5 |
---------------+----------------+-----
Maces & Flails | 4 5 6 |  6.9
Fighting       | 4 5 |  5.4
Armour         | 3 4 |  4.7
Dodging        | |  2.1

Action                   |  1- 3 |  4- 6 || total
-------------------------+-------+-------++-------
Melee: Mace              |    83 |    54 ||   137
       Headbutt          |    14 |    31 ||    45
       Flail             |       |   105 ||   105
  Use: Potion            |     2 |     7 ||     9
 Stab: Sleeping          |     1 |       ||     1
  Eat: Chunk             |       |     5 ||     5
Armor: Animal skin       |    13 |    15 ||    28
       Ring mail         |       |    18 ||    18
       Chain mail        |       |    38 ||    38
Dodge: Dodged            |    68 |   106 ||   174
